 Dungeon Crawl Stone Soup version 0.22-a0-93-g6b88ebb (webtiles) character file.

8778 KristoblXynda the Grappler (level 11, -2/88 HPs)
             Began as a Yellow Draconian Monk on Jan 23, 2018.
             Was a High Priest of Wu Jian.
             Slain by Snorg (11 damage)
             ... on level 10 of the Dungeon.
             The game lasted 00:20:52 (10287 turns).

KristoblXynda the Grappler (Yellow Draconian Monk) Turns: 10287, Time: 00:20:54

Health: -2/88      AC: 12    Str: 14    XL:     11   Next: 14%
Magic:  0/14       EV: 18    Int: 14    God:    Wu Jian [*****.]
Gold:   557        SH:  7    Dex: 13    Spells: 12/12 levels left

rFire    + + .     SeeInvis .     - Unarmed
rCold    . . .     Gourm    .   u - +2 buckler {rN+}
rNeg     + . .     Faith    .   (armour unavailable)
rPois    .         Spirit   +   (helmet restricted)
rElec    .         Reflect  .   (no cloak)
rCorr    +         Harm     .   t - +1 pair of gloves
MR       .....                  w - +2 pair of boots
Stlth    ++........             y - amulet of guardian spirit
HPRegen  0.24/turn              m - ring of protection from fire
MPRegen  0.14/turn              s - ring of protection from fire

@: about to teleport
A: spit acid, acid resistance, unfitting armour, cold-blooded, AC +7
a: Breathe Acid, Wall Jump, Serpent's Lash, Heavenly Storm, Renounce Religion


You were on level 10 of the Dungeon.
You worshipped Wu Jian.
Wu Jian was extremely pleased with you.
You were not hungry.

You visited 2 branches of the dungeon, and saw 11 of its levels.
You also visited: Sewer.

You collected 557 gold pieces.

Inventory:

Hand Weapons
 r - a +5 dagger of venom
Armour
 t - a +1 pair of gloves (worn)
 u - a +2 buckler of positive energy (worn)
 w - a +2 pair of boots (worn)
Jewellery
 m - a ring of protection from fire (left hand)
 s - a ring of protection from fire (right hand)
 y - an amulet of guardian spirit (around neck)
Wands
 x - a wand of paralysis (10)
 B - a wand of digging (15)
 E - a wand of flame (60)
Scrolls
 b - 4 scrolls of teleportation
 d - 4 scrolls of magic mapping
 h - 5 scrolls of remove curse
 i - 4 scrolls of amnesia
 l - 2 scrolls of fear
 n - a scroll of enchant armour
Potions
 c - 3 potions of curing
 e - a potion of might
 f - 3 potions of brilliance
 g - a potion of berserk rage {unknown}
 j - a potion of lignification {unknown}
 k - 8 potions of heal wounds
 o - 3 potions of haste
 p - 7 potions of agility
 q - 2 potions of invisibility {unknown}
 z - a potion of cancellation {unknown}
 A - a potion of magic {unknown}
 C - a potion of resistance
Books
 v - a book of Misfortune

   Spells                             Type                      Level
   a - Confusing Touch                Hexes                        1
   b - Confuse                        Hexes                        3
   c - Gell's Gravitas                Translocation                3
   d - Petrify                        Transmutation/Earth          4
   e - Metabolic Englaciation         Hexes/Ice                    5
   f - Yara's Violent Unravelling     Hexes/Transmutation          5
Comestibles
 a - 24 rations


   Skills:
 + Level 5.3 Fighting
 - Level 3.0 Throwing
 + Level 9.6 Dodging
 - Level 1.7 Stealth
 - Level 5.5 Shields
 + Level 11.0 Unarmed Combat
 - Level 1.2 Spellcasting
 - Level 5.0 Evocations


You had 12 spell levels left.
You didn't know any spells.

Dungeon Overview and Level Annotations

Branches:
Dungeon (10/15)            Temple (1/1) D:5            Lair (0/6) D:10
    Orc (0/2) D:9

Altars:
Ashenzari
Cheibriados
Dithmenos
Elyvilon
Fedhas
Gozag
Hepliaklqana
Kikubaaqudgha
Makhleb
Nemelex Xobeh
Okawaru
Qazlal
Ru
Sif Muna
Trog
Uskayaw
Vehumet
Wu Jian
Xom
Yredelemnul
Zin
The Shining One

Annotations:
D:10 Snorg


Innate Abilities, Weirdness & Mutations

You can spit globs of acid.
You are resistant to acid.
Your golden yellow scales are hard. (AC +7)
You cannot fit into any form of body armour.
You are cold-blooded and may be slowed by cold attacks.


Message History

Aiming: Paralyse
Press: ? - help, Shift-Dir - straight line, f/p - Snorg
Aim: Snorg (berserk, fast, unusually strong, chance to defeat MR: 26%) Snorg easily resists.
Snorg bites you! Snorg claws you but does no damage.
Snorg closely misses you. x2; Snorg misses you.
You block Snorg's attack.
Evoke which item? (* to show all) (? for menu, Esc to quit)
Aiming: Paralyse
Press: ? - help, Shift-Dir - straight line, f/p - Snorg
Aim: Snorg (berserk, fast, unusually strong, chance to defeat MR: 26%) Snorg easily resists.
Snorg bites you!! Snorg closely misses you. Snorg claws you!
Okay, then.
As you read the scroll of teleportation, it crumbles to dust.
You feel strangely unstable. You block Snorg's attack. Snorg claws you.
Snorg completely misses you. Snorg bites you!
* * * LOW HITPOINT WARNING * * *
You block Snorg's attack. Snorg claws you!
* * * LOW HITPOINT WARNING * * *
Snorg bites you!
You die...

#.....#####.###...####
#.......####...<###
##.).....###..###
#........##.##
##........#.# #####
##...>.....# ##.....
#.........# .......
##........####.......
##......@.##........
#.....##T.#........
##..#####c#........
##..## #((........
##..## ##.........
##..## ##.#......
##..######## ##.##....
##..........## .. #..
###............## #..
#


You could see Snorg (berserk) and a centaur.

Vanquished Creatures
  A two-headed ogre (D:6)
  The ghost of oplop the Changer, a novice DgTm (D:6)
  A komodo dragon (D:10)
  The ghost of kegs the Skirmisher, an amateur HOFi (D:4)
  Grinder (D:4)
  A hippogriff (D:7)
  2 wraiths
  3 hogs (D:8)
  A yak (D:8)
  A human (D:8)
  A warg (D:9)
  Menkaure (D:6)
  Duvessa (D:4)
  2 sky beasts
  A phantom (D:6)
  2 black bears
  2 orc warriors
  An ice beast (D:10)
  2 necrophages
  11 ogres
  3 centaurs
  A crocodile (D:9)
  4 big kobolds
  7 bullfrogs
  A gnoll sergeant (D:8)
  A water moccasin zombie (D:8)
  3 scorpions
  7 wights
  Dowan (D:4)
  8 killer bees
  4 howler monkeys
  4 crimson imps
  2 quasits
  2 bullfrog zombies
  2 centaur zombies
  7 hounds
  4 jellies
  A centaur skeleton (D:10)
  2 bullfrog skeletons
  3 orc priests
  8 orc wizards
  2 iguanas
  7 worker ants
  A killer bee zombie (D:9)
  A hound skeleton (D:6)
  A hound zombie (D:8)
  2 worker ant zombies
  5 gnolls (D:8)
  A howler monkey skeleton (D:5)
  11 adders
  14 river rats
  2 shadow imps
  3 oozes
  A worm (D:2)
  3 dart slugs
  6 leopard geckos
  18 orcs
  5 ball pythons
  8 bats
  6 giant cockroaches
  8 hobgoblins
  8 jackals
  9 quokkas
  A ball python skeleton (D:4)
  10 frilled lizards
  2 giant cockroach zombies (D:6)
  5 goblins
  28 kobolds
  43 rats
323 creatures vanquished.

Vanquished Creatures (others)
  3 plants (D:10)
3 creatures vanquished.

Grand Total: 326 creatures vanquished

Notes
Turn   | Place    | Note
-------+----------+-------------------------------------------
     0 | D:1      | KristoblXynda the Draconian Monk began the quest for the Orb.
     0 | D:1      | Reached XP level 1. HP: 19/19 MP: 1/1
   113 | D:1      | Reached XP level 2. HP: 22/26 MP: 2/2
   328 | D:1      | Reached XP level 3. HP: 21/31 MP: 3/3
   644 | D:2      | Reached skill level 4 in Unarmed Combat
   644 | D:2      | Reached XP level 4. HP: 38/38 MP: 4/4
   927 | D:2      | Reached skill level 5 in Unarmed Combat
   934 | D:2      | Reached XP level 5. HP: 30/45 MP: 5/5
  1473 | D:3      | Found a glowing drain.
  1489 | Sewer    | Entered a sewer
  1674 | Sewer    | Reached XP level 6. HP: 29/51 MP: 6/6
  1854 | Sewer    | Reached skill level 6 in Unarmed Combat
  2473 | D:3      | Reached skill level 1 in Throwing
  2915 | D:4      | Noticed Grinder
  2928 | D:4      | Paralysed by Grinder for 6 turns
  2930 | D:4      | Killed Grinder
  2930 | D:4      | Your scales start taking on a golden yellow colour.
  2930 | D:4      | Reached XP level 7. HP: 53/57 MP: 7/7
  2954 | D:4      | Reached skill level 5 in Dodging
  3423 | D:4      | Reached skill level 7 in Unarmed Combat
  3441 | D:4      | Found a hide-covered altar of Uskayaw.
  3448 | D:4      | Noticed kegs's ghost (amateur HOFi)
  3466 | D:4      | Killed kegs's ghost
  3466 | D:4      | Reached XP level 8. HP: 31/63 MP: 8/8
  3638 | D:4      | Noticed Dowan
  3648 | D:4      | Killed Dowan
  3653 | D:4      | Noticed Duvessa
  3689 | D:4      | Killed Duvessa
  3910 | D:4      | Found a bloodstained altar of Trog.
  3912 | D:4      | Found a burning altar of Makhleb.
  3915 | D:4      | Found an ornate altar of the Wu Jian Council.
  3916 | D:4      | Found an opulent altar of Gozag.
  3918 | D:4      | Found a blossoming altar of Fedhas.
  3928 | D:4      | Became a worshipper of the Wu Jian Council
  3928 | D:4      | Reached * piety under Wu Jian
  3928 | D:4      | Reached ** piety under Wu Jian
  4052 | D:5      | Entered Level 5 of the Dungeon
  4367 | D:5      | Found a staircase to the Ecumenical Temple.
  4549 | Temple   | Entered the Ecumenical Temple
  5192 | D:5      | Reached skill level 8 in Unarmed Combat
  5305 | D:6      | Noticed Menkaure
  5306 | D:6      | Noticed oplop's ghost (novice DgTm)
  5317 | D:6      | Killed oplop's ghost
  5317 | D:6      | Reached XP level 9. HP: 70/70 MP: 9/9
  5321 | D:6      | Killed Menkaure
  5359 | D:6      | Found a shadowy altar of Dithmenos.
  5486 | D:6      | Noticed a two-headed ogre
  5493 | D:6      | Killed a two-headed ogre
  5493 | D:6      | Reached skill level 5 in Shields
  5493 | D:6      | Reached skill level 9 in Unarmed Combat
  6259 | D:6      | Reached *** piety under Wu Jian
  6315 | D:6      | Reached skill level 1 in Spellcasting
  6748 | D:7      | Reached XP level 10. HP: 74/77 MP: 11/11
  6772 | D:7      | Reached skill level 1 in Evocations
  6780 | D:7      | Reached **** piety under Wu Jian
  7086 | D:7      | Reached skill level 10 in Unarmed Combat
  8740 | D:9      | Reached ***** piety under Wu Jian
  8962 | D:9      | Found a staircase to the Orcish Mines.
  9128 | D:9      | Reached XP level 11. HP: 85/85 MP: 14/14
  9284 | D:9      | Reached skill level 5 in Fighting
  9674 | D:10     | Entered Level 10 of the Dungeon
  9733 | D:10     | Found a staircase to the Lair.
  9753 | D:10     | Reached skill level 5 in Evocations
 10116 | D:10     | Reached skill level 11 in Unarmed Combat
 10272 | D:10     | Noticed Snorg
 10287 | D:10     | Slain by Snorg

Vault maps used:
D:1:      lemuel_arrival_behind_the_door_small
D:3:      cheibrodos_sewer_entry_drain
D:4:      grunt_temple_overflow_open, first_ration, uniq_grinder, uniq_duvessa
D:5:      minmay_temple_entry_hall
D:6:      lemuel_ratsnest, grunt_dithmenos_smoke_and_mirrors, uniq_menkaure
D:8:      grunt_livestock
D:9:      erik_orc_4
D:10:     david_lair_shrubbed, uniq_snorg
Temple:   lightli_temple_of_artemis
Sewer:    sewer_minmay_treatment

Skill      XL: |  1  2  3  4  5  6  7  8  9 10 11 |
---------------+----------------------------------+-----
Dodging        | 3 4 5 6 8 9 |  9.6
Unarmed Combat | 4 5 6 7 8 9 10 11 | 11.0
Throwing       | 1 3 |  3.0
Shields        | 2 4 5 |  5.5
Spellcasting   | 1 |  1.2
Evocations     | 4 5 |  5.0
Fighting       | 4 5 |  5.3
Stealth        | |  1.7

Action                   |  1- 3 |  4- 6 |  7- 9 | 10-12 || total
-------------------------+-------+-------+-------+-------++-------
Melee: Unarmed           |    72 |    96 |   332 |   622 ||  1122
       Tailslap          |    11 |    22 |    43 |    76 ||   152
       Punch             |     1 |     1 |       |       ||     2
       Dagger            |       |   154 |    53 |       ||   207
Throw: Javelin           |       |       |       |     1 ||     1
Invok: Whirlwind         |       |       |    10 |    31 ||    41
       Wall Jump         |       |       |     7 |    10 ||    17
       Lunge             |       |       |    13 |    22 ||    35
 Abil: Breathe Acid      |       |       |     7 |     5 ||    12
Evoke: Wand              |       |       |       |     6 ||     6
  Use: Scroll            |       |     7 |    11 |     4 ||    22
       Potion            |       |     2 |     3 |     1 ||     6
 Stab: Sleeping          |     4 |     2 |     3 |     3 ||    12
       Distracted        |       |       |     1 |     1 ||     2
  Eat: Ration            |       |     1 |     3 |     3 ||     7
       Chunk             |       |     3 |     4 |     3 ||    10
Armor: Skin              |    19 |    88 |    57 |   123 ||   287
Dodge: Dodged            |    57 |   228 |   224 |   460 ||   969
Block: Buckler           |       |       |    89 |   217 ||   306

Table legend:
 A = Spawn XP
 B = Non-spawn XP
 C = Spawn XP percentage of total XP
 D = Spawn monster count
 E = Non-spawn monster count
 F = Spawn count percentage of total count
 G = Total turns spent on level
                    A         B        C        D         E        F      G
               +---------+---------+-------+---------+---------+-------+---------
         Total |       0 |   12541 |   0.0 |       0 |     323 |   0.0 | 10287
               +---------+---------+-------+---------+---------+-------+---------
           D:1 |       0 |      43 |   0.0 |       0 |      22 |   0.0 |   614
           D:2 |       0 |     174 |   0.0 |       0 |      22 |   0.0 |   772
           D:3 |       0 |      24 |   0.0 |       0 |      15 |   0.0 |   652
           D:4 |       0 |    1441 |   0.0 |       0 |      22 |   0.0 |  1161
           D:5 |       0 |     397 |   0.0 |       0 |      11 |   0.0 |  1134
           D:6 |       0 |    2844 |   0.0 |       0 |      63 |   0.0 |  1390
           D:7 |       0 |    1258 |   0.0 |       0 |      27 |   0.0 |   641
           D:8 |       0 |    3152 |   0.0 |       0 |      49 |   0.0 |  1351
           D:9 |       0 |    1846 |   0.0 |       0 |      35 |   0.0 |  1001
          D:10 |       0 |    1031 |   0.0 |       0 |      10 |   0.0 |   613
         Sewer |       0 |     331 |   0.0 |       0 |      47 |   0.0 |   853
               +---------+---------+-------+---------+---------+-------+---------
